 Dungeon Crawl Stone Soup version 0.26.0-10-g1f06aea511 (webtiles) character file.

Game seed: 5028513266647563119

61 CurlyBrace the Grasshopper (level 3, -12/16 HPs)
             Began as a Felid Warper on Jan 14, 2021.
             Killed from afar by an orc wizard (13 damage)
             ... with a puff of frost
             ... on level 4 of the Dungeon.
             The game lasted 00:08:10 (521 turns).

CurlyBrace the Grasshopper (Felid Warper)            Turns: 521, Time: 00:08:11

Health: -12/16     AC:  1    Str:  4 (7)  XL:     3   Next: 83%
Magic:  2/7        EV: 20    Int: 14 (15) God:
Gold:   25         SH:  0    Dex: 13 (15) Spells: 4/6 levels left
                                        Lives:  0   Deaths: 0

rFire    . . .     SeeInvis +     - Unarmed
rCold    . . .     Faith    .   (shield unavailable)
rNeg     . . .     Spirit   .   (armour unavailable)
rPois    +         Reflect  .   (helmet unavailable)
rElec    .         Harm     .   (cloak unavailable)
rCorr    .         Rampage  .   (gloves unavailable)
Will     .....                  (boots unavailable)
Stlth    +++.......             (no amulet)
HPRegen  0.05/turn              (no ring)
MPRegen  0.10/turn              (no ring)

@: quick
A: very small, no armour, no weapons or thrown items, stealth, claws 1, fangs 3,
horns 1, repulsion field 1, see invisible, speed 1, poison resistance, shaggy
fur 1, sharp paws
a: no special abilities


You were on level 4 of the Dungeon.
You visited 1 branch of the dungeon, and saw 5 of its levels.

You collected 25 gold pieces.

Inventory:

Wands
 a - a wand of acid (3)
   (You found it on level 2 of the Dungeon)
Scrolls
 b - a scroll of remove curse {unknown}
 z - a scroll of blinking


   Skills:
 - Level 2.0 Fighting
 - Level 3.2 Dodging
 + Level 3.4 Stealth
 + Level 3.1 Unarmed Combat
 - Level 2.0 Spellcasting
 - Level 4.4 Translocations
 - Level 1.0 Evocations


You had 4 spell levels left.
You knew the following spells:

 Your Spells              Type           Power        Failure   Level
a - Blink                 Tloc           N/A          6%          2

Your spell library contained the following spells:

 Spells                   Type           Power        Failure   Level
 Gell's Gravitas          Tloc           6%           12%         3
 Lesser Beckoning         Tloc           6%           12%         3
 Teleport Other           Tloc           13%          12%         3
 Passage of Golubria      Tloc           N/A          36%         4


Dungeon Overview and Level Annotations

Branches:
Dungeon (5/15)
 Temple: D:4-7

Altars:
Fedhas


Innate Abilities, Weirdness & Mutations

You cannot wear armour.
You are incapable of wielding weapons or throwing items.
Your paws allow you to move quietly. (Stealth)
You have sharp claws.
You have razor-sharp teeth.
You have supernaturally acute eyesight. (SInv)
You cover ground quickly.
You are covered in fur. (AC +1)
Your sharp claws are effective at attacking unaware monsters.
You have a pair of small horns on your head.
You are surrounded by a mild repulsion field. (EV +2)
Your system is resistant to poisons. (rPois)


Message History

Evoke which item? (* to show all) (? for menu, Esc to quit)
Aiming: Corrosive Bolt
Press: ? - help, Shift-Dir - straight line, f - adder
Aim: an adder (severely wounded, 47% to evade)
The bolt of acid hits the orc!
The orc is splashed with acid!
You kill the orc!
The bolt of acid misses the adder.
Unknown command.
Unknown command.
The orc wizard casts a spell at you. The puff of frost hits you.
* * * LOW HITPOINT WARNING * * *
Unknown command.
The orc wizard points at you and mumbles some strange words.
The puff of flame misses you.
Unknown command.
The orc wizard points at you and mumbles some strange words.
The puff of frost hits you!
Ouch! That really hurt!
You die...

#.##.##....._.....#.#.##.##
#.......#.......#.....##.#
######..##.....##.....##.## ##
#...##...####...###... .
#...###.## ##.## #### .##.
#...##..# #.# ### .....
#o..##.## #.# ...
.....#####...##.#######.####...
..#...........@.S..............
.........(>.............#.#....
....................##..#......
.....#####[..######.)......#
#.## #...# #.....#.## ###...##
#....##S# #......# #.......#
#.#....# ###.#########
...#<..(# #.........#


You could see an orc wizard and an adder.

Vanquished Creatures
  An orc wizard (D:4)
  2 oozes (D:2)
  A leopard gecko (D:1)
  An orc (D:4)
  A giant cockroach (D:2)
  2 goblins
  A hobgoblin (D:2)
  3 jackals (D:4)
  3 bats
  3 frilled lizards
  4 kobolds
  3 rats
25 creatures vanquished.

Notes
Turn   | Place    | Note
-------+----------+-------------------------------------------
     0 | D:1      | CurlyBrace the Felid Warper began the quest for the Orb.
     0 | D:1      | Reached XP level 1. HP: 9/9 MP: 4/4
    42 | D:1      | Reached skill level 1 in Stealth
    98 | D:2      | Reached XP level 2. HP: 8/13 MP: 6/6
   112 | D:2      | Learned a level 2 spell: Blink
   141 | D:2      | Gained mutation: You have a pair of small horns on your
                  | head. [potion of mutation]
   141 | D:2      | Gained mutation: You are surrounded by a mild repulsion
                  | field. (EV +2) [potion of mutation]
   141 | D:2      | Gained mutation: Your system is resistant to poisons.
                  | (rPois) [potion of mutation]
   297 | D:5      | Entered Level 5 of the Dungeon
   303 | D:4      | Reached skill level 1 in Evocations
   303 | D:4      | Reached XP level 3. HP: 6/16 MP: 7/7
   316 | D:4      | Found a blossoming altar of Fedhas.
   521 | D:4      | Killed from afar by an orc wizard

Illustrated notes

Levels and vault maps discovered:
D:1:      wander_arrival_lonely_grave, layout_basic
D:2:      layout_basic, grunt_gozag_breadcrumbs
D:3:      minmay_bubble_buster, layout_basic, hangedman_ru_absence
D:4:      layout_loops_cross, lemuel_round_altar, amethyst_killhole,
          uniq_duvessa
D:5:      layout_basic

Skill      XL: |  1  2 |
---------------+-------+-----
Stealth        | 1 3 |  3.4
Unarmed Combat | 3 |  3.1
Evocations     | 1 |  1.0
Fighting       | |  2.0
Dodging        | |  3.2
Spellcasting   | |  2.0
Translocations | |  4.4

Action                   || total
-------------------------++-------
Melee: Unarmed           ||    83
       Bite              ||     6
       Headbutt          ||     5
       Punch             ||     1
 Cast: Blink             ||    10
Evoke: Wand              ||     6
  Use: Potion            ||     6
       Scroll            ||     4
 Stab: Distracted        ||     1
Armor: Skin              ||     2
Dodge: Dodged            ||    77
